AoeStats
← istorm

Socotra

504884053Analyzed
4v4 RM · 25d ago on Sep 6, 2026· 29m 46s· 8 players
Game mode
Random Map
Map size
148×148
Population
200
Speed
Normal
Resources
Standard
Victory
Conquest
Starting age
Dark Age
Ending age
Imperial Age
RankedLock teamsTeams togetherTeam positionsShared explorationLock speedFull tech treeHidden civsTurbo modeCheats
Victory
Defeat
🇺🇸 Ethiopians · United States
1583
+11
🇩🇪 Teutons · Germany
1583
+11
🇹🇼 Celts · Taiwan
1465
+16
🇨🇳 Magyars · China
1395
+19
🇦🇷 Sicilians · Argentina
1499
-16
🇸🇻 Mapuche · El Salvador
1494
-15
🇩🇪 Japanese · Germany
1448
-13
🇦🇷 Armenians · Argentina
1432
-13
istorm
0:36 Loom
16:03 Feudal Age
21:50 Castle Age
20:05 Scale Mail Armor
22:18 Fletching
24:23 Chain Mail Armor
28:03 Bodkin Arrow
MyNameIsLassen
6:35 Loom
8:49 Feudal Age
9:08 Man-at-Arms
16:52 Fletching
19:01 Double-Bit Axe
22:39 Horse Collar
22:45 Double-Bit Axe
22:52 Gold Mining
23:35 Padded Archer Armor
28:16 Castle Age
28:21 Crossbowman
28:57 Bodkin Arrow
29:00 Stone Mining
ValkriaN
7:29 Loom
9:39 Feudal Age
10:57 Man-at-Arms
13:59 Double-Bit Axe
19:02 Gold Mining
22:32 Castle Age
21:40 Bloodlines
21:40 Scale Barding Armor
22:25 Forging
23:28 Husbandry
23:15 Horse Collar
24:01 Chain Barding Armor
28:03 Iron Casting
RohanAoE
5:59 Loom
8:50 Feudal Age
9:00 Champi Runner
15:09 Scale Mail Armor
16:06 Forging
18:44 Wheelbarrow
21:13 Town Watch
25:52 Castle Age
26:04 Champi Warrior
27:01 Chain Mail Armor
27:22 Iron Casting
boo
2:49 Loom
16:25 Feudal Age
17:59 Double-Bit Axe
19:37 Wheelbarrow
20:02 Fletching
25:23 Castle Age
25:27 Crossbowman
27:04 Bodkin Arrow
27:32 Ballistics
Kempinho
9:15 Feudal Age
9:41 Horse Collar
9:46 Double-Bit Axe
12:02 Loom
16:30 Scale Barding Armor
18:13 Forging
18:24 Bloodlines
22:28 Castle Age
21:43 Gold Mining
23:34 Chain Barding Armor
30:51 Iron Casting
JINJIN
5:35 Loom
13:32 Feudal Age
21:42 Castle Age
20:09 Double-Bit Axe
20:18 Gold Mining
23:07 Bow Saw
23:38 Wheelbarrow
24:13 Ballistics
逸丶然
5:47 Loom
8:28 Feudal Age
9:55 Double-Bit Axe
10:35 Horse Collar
18:41 Scale Barding Armor
21:03 Wheelbarrow
24:45 Castle Age
24:25 Bloodlines
25:40 Bow Saw
25:50 Gold Mining
26:10 Husbandry
28:44 Chain Barding Armor
29:24 Town Watch
Connection lost

Rejoining the realm…

Still unreachable

The connection could not be restored.

Session expired

The server has moved on; the page needs a fresh start.